 Dungeon Crawl Stone Soup version 0.29.0-4-gdea44cf6ec (webtiles) character file.

Game seed: 3157847302121083744

113 qw the Chopper (level 4, -5/39 HPs)
             Began as a Minotaur Fighter on Sept 5, 2022.
             Slain by Natasha (8 damage)
             ... on level 2 of the Dungeon.
             The game lasted 00:00:41 (1967 turns).

qw the Chopper (Minotaur Fighter)                   Turns: 1967, Time: 00:00:42

Health: -5/39      AC:  6    Str: 22    XL:     4   Next: 65%
Magic:  3/3        EV:  9    Int:  5    God:
Gold:   53         SH:  4    Dex: 10    Spells: 3/3 levels left

rFire   . . .      SeeInvis .   Y - +0 war axe
rCold   . . .      Faith    .   c - +0 buckler
rNeg    . . .      Spirit   .   b - +0 scale mail
rPois   .          Reflect  .   (helmet restricted)
rElec   .          Harm     .   (no cloak)
rCorr   .          Rampage  .   (no gloves)
Will    .....                   (no boots)
Stlth   ..........              (no amulet)
HPRegen 0.13/turn               (no ring)
MPRegen 0.08/turn               (no ring)

@: slowed, very slow
A: horns 2, retaliatory headbutt
a: no special abilities


You were on level 2 of the Dungeon.
You visited 1 branch of the dungeon, and saw 2 of its levels.

You collected 53 gold pieces.


Innate Abilities, Weirdness & Mutations

You have a pair of horns on your head.
You reflexively headbutt those who attack you in melee.


   Skills:
 - Level 3.6 Fighting
 + Level 5.8 Axes
 - Level 3.6 Armour
 - Level 1.0 Dodging
 - Level 3.6 Shields


You had 3 spell levels left.
You didn't know any spells.
Your spell library was empty.

Inventory:

Hand Weapons
 f - a +0 whip
 Y - a +0 war axe (weapon)
Armour
 b - a +0 scale mail (worn)
 c - a +0 buckler (worn)
 e - a +0 chain mail
Scrolls
 a - a scroll of summoning {unknown}
 j - 2 scrolls of identify
Potions
 d - 2 potions of might
 g - a potion of lignification {unknown}

Dungeon Overview and Level Annotations

Branches:
Dungeon (2/15)

Altars:

Annotations:
D:2 Natasha


Message History

Natasha closely misses you.
You slash the crimson imp!
You kill the crimson imp!
The crimson imp disappears in a puff of smoke!
You completely miss Natasha. Natasha claws you!
Natasha zaps a wand.
The puff of flame hits you.
You hit Natasha.
Natasha is moderately wounded.
Natasha claws you but does no damage.
Natasha casts a spell.
You slash Natasha! Your headbutt misses Natasha.
Natasha is severely wounded.
You slash the shadow imp! Natasha claws you but does no damage.
You block the shadow imp's attack. Natasha claws you but does no damage.
You hit the shadow imp.
You kill the shadow imp!
The shadow imp disappears in a puff of smoke!
You closely miss Natasha.
You feel yourself speed up. You block Natasha's attack. Natasha claws you.
You hit Natasha.
Natasha is almost dead.
Natasha stares at you and mumbles some strange words.
You feel yourself slow down.
You miss Natasha.
Natasha is almost dead.
Natasha closely misses you.
Natasha hisses.
Natasha claws you but does no damage.
You closely miss Natasha.
Natasha is almost dead.
You block Natasha's attack.
You barely miss Natasha.
Natasha is almost dead.
You block Natasha's attack. Natasha claws you.
You barely miss Natasha.
Natasha is almost dead.
Natasha claws you!
You die...

#.~~~..........#.#.....
#................#.....
##............#..#.....
##..........###.......
#......####.)##.......
#......# ##..###.>...
#......# ##.#.......
#......# #)....##.#
####.@## #......#..
##h.# ##......... ##..#
##..........
#..##.....%.....
###.##.#......#..
..........######.
.........### #.
...........# ##
...........#


You could see Natasha.

Vanquished Creatures
  Natasha (D:2)
  2 adders (D:2)
  3 adder zombies (D:2)
  An adder skeleton (D:2)
  2 dart slugs
  4 bats
  A bat skeleton (D:2)
  5 endoplasms
  A giant cockroach (D:1)
  6 goblins
  3 hobgoblins
  5 jackals (D:1)
  A quokka (D:2)
  6 ball pythons
  A ball python zombie (D:2)
  A frilled lizard (D:2)
  2 kobolds (D:1)
  4 rats
49 creatures vanquished.

Vanquished Creatures (others)
  A demonic plant (D:1)
1 creature vanquished.

Grand Total: 50 creatures vanquished

Notes
Turn   | Place    | Note
-------+----------+-------------------------------------------
     0 | D:1      | qw the Minotaur Fighter began the quest for the Orb.
     0 | D:1      | Reached XP level 1. HP: 19/19 MP: 0/0
     0 | D:1      | 0 ||| qw: Version: 0.1-a-104-g96f76f8
     0 | D:1      | 0 ||| qw: Game counter: 5860
     0 | D:1      | 0 ||| qw: Always use a shield: true
     0 | D:1      | 0 ||| qw: God list: Ru
     0 | D:1      | 0 ||| qw: Allow faded altars: false
     0 | D:1      | 0 ||| qw: Do Orc after D:15 true
     0 | D:1      | 0 ||| qw: Do second Lair branch before Depths: true
     0 | D:1      | 0 ||| qw: Lair rune preference: random
     0 | D:1      | 0 ||| qw: Plans: Normal
     0 | D:1      | 0 ||| PLANNING D:1-11
    25 | D:1      | Found a faded altar of an unknown god.
    46 | D:1      | Reached skill level 3 in Axes
   119 | D:1      | 119 ||| Stepping ~*~*~tactically~*~*~ (hiding).
   126 | D:1      | Reached XP level 2. HP: 26/26 MP: 1/1
   403 | D:1      | Reached skill level 4 in Axes
   955 | D:1      | Reached XP level 3. HP: 28/31 MP: 2/2
  1068 | D:1      | 1068 ||| READING scroll labelled HAOGE RUUNGEXI.
  1071 | D:1      | 1071 ||| READING scroll labelled POSEPL SUUNGOE.
  1072 | D:1      | 1072 ||| READING scroll labelled POIMULL TIABBEHE.
  1073 | D:1      | 1073 ||| READING 2 scrolls labelled JIODAFFEYSH.
  1074 | D:1      | 1074 ||| READING scroll labelled TUATAJ DISTRI.
  1075 | D:1      | 1075 ||| Stepping randomly (stuck).
  1076 | D:1      | 1076 ||| Stepping ~*~*~tactically~*~*~ (cloud).
  1299 | D:2      | Identified the +6 sling of Ambiguity {venom, Drain +Blink
                  | Int+4 Dex+2}
  1461 | D:2      | Reached skill level 5 in Axes
  1472 | D:2      | Reached skill level 1 in Dodging
  1475 | D:2      | Reached XP level 4. HP: 31/39 MP: 3/3
  1672 | D:2      | Noticed Natasha
  1673 | D:2      | 1673 ||| Stepping ~*~*~tactically~*~*~ (hiding).
  1684 | D:2      | Killed Natasha
  1930 | D:2      | 1930 ||| Stepping ~*~*~tactically~*~*~ (stealth).
  1932 | D:2      | 1932 ||| Stepping ~*~*~tactically~*~*~ (hiding).
  1947 | D:2      | Noticed Natasha
  1948 | D:2      | 1948 ||| Stepping ~*~*~tactically~*~*~ (stealth).
  1950 | D:2      | 1950 ||| Stepping ~*~*~tactically~*~*~ (hiding).
  1959 | D:2      | HP: 9/39 [Natasha (8)]
  1966 | D:2      | HP: 3/39 [Natasha (3)]
  1967 | D:2      | Slain by Natasha

Levels and vault maps discovered:
D:1:      noname_arrival_rooms_in_the_neighbourhood, layout_basic,
          shapermc_ecumenical_altar_gd, roderic_serpentine_path
D:2:      layout_rooms, serial_undead, serial_undead_f, serial_undead_c,
          serial_undead_e, serial_undead_a, serial_undead_c, serial_undead_a,
          kennysheep_donut, uniq_natasha

Skill      XL: |  1  2  3 |
---------------+----------+-----
Axes           | 3 4 5 |  5.8
Dodging        | 1 |  1.0
Fighting       | |  3.6
Armour         | |  3.6
Shields        | |  3.6

Action                   |  1- 3 |  4- 6 || total
-------------------------+-------+-------++-------
Melee: War axe           |    70 |    43 ||   113
       Headbutt          |     8 |     4 ||    12
  Use: Scroll            |     5 |       ||     5
Armor: Scale mail        |    28 |    17 ||    45
Dodge: Dodged            |    36 |    19 ||    55
Block: Buckler           |    21 |    14 ||    35

Table legend:
 A = Non-vault XP
 B = Vault XP
 C = Vault XP percentage of total XP
 D = Non-vault monster count
 E = Vault monster count
 F = Vault count percentage of total count
                 A         B        C        D         E       F
            +---------+---------+-------+---------+---------+-------
      Total |     100 |      62 |  38.3 |      42 |       7 |  14.3
            +---------+---------+-------+---------+---------+-------
        D:1 |      44 |       0 |   0.0 |      23 |       0 |   0.0
        D:2 |      56 |      62 |  52.5 |      19 |       7 |  26.9
            +---------+---------+-------+---------+---------+-------
